 Dungeon Crawl Stone Soup version 0.27.0-1-g7a08968 (webtiles) character file.

Game seed: 1462859842652024500

106 GodsMustBeCrazy the Skirmisher (level 4, 0/31 HPs)
             Began as a Gargoyle Fighter on Aug 3, 2021.
             Slain by an adder (2 damage)
             ... on level 3 of the Dungeon.
             The game lasted 00:19:19 (3571 turns).

GodsMustBeCrazy the Skirmisher (Gargoyle Fighter)   Turns: 3571, Time: 00:19:19

Health: 0/31       AC: 10    Str: 21    XL:     4   Next: 84%
Magic:  4/4        EV:  7    Int:  8    God:
Gold:   105        SH:  9    Dex:  9    Spells: 3/3 levels left

rFire    . . .     SeeInvis .   a - +0 war axe
rCold    . . .     Faith    .   c - +0 kite shield
rNeg     + . .     Spirit   .   b - +0 scale mail
rPois    ∞         Reflect  .   (no helmet)
rElec    +         Harm     .   (no cloak)
rCorr    .         Rampage  .   (no gloves)
Will     .....                  (no boots)
Stlth    ..........             (no amulet)
HPRegen  0.10/turn              (no ring)
MPRegen  0.09/turn              (no ring)

@: no status effects
A: sickness immunity, AC +3, negative energy resistance 1, electricity
resistance, torment resistance 1, petrification resistance
a: no special abilities


You were on level 3 of the Dungeon.
You visited 1 branch of the dungeon, and saw 4 of its levels.

You collected 105 gold pieces.

Inventory:

Hand Weapons
 a - a +0 war axe (weapon)
 g - a +0 hunting sling
 k - a +0 dagger of venom
Missiles
 j - 41 arrows
 q - 22 poisoned darts (quivered)
 r - 20 sling bullets
Armour
 b - a +0 scale mail (worn)
 c - a +0 kite shield (worn)
Scrolls
 e - 2 scrolls of magic mapping {unknown}
 f - a scroll of identify {unknown}
 l - 3 scrolls of teleportation {unknown}
Potions
 d - a potion of might
 h - 2 potions of attraction {unknown}
 i - a potion of berserk rage {unknown}
 m - a potion of magic {unknown}
 n - 3 potions of lignification {unknown}
 o - a potion of curing {unknown}
 p - a potion of brilliance {unknown}


   Skills:
 + Level 5.4 Fighting
 - Level 1.7 Axes
 - Level 3.2 Armour
 + Level 4.0 Shields


You had 3 spell levels left.
You didn't know any spells.
Your spell library was empty.

Dungeon Overview and Level Annotations

Branches:
Dungeon (4/15)
 Temple: D:4-7

Altars:
Ashenzari


Innate Abilities, Weirdness & Mutations

You are immune to sickness and miasma.
Your stone body is resilient. (AC +3)
You are immune to poison.
You resist negative energy. (rN+)
You are resistant to electric shocks. (rElec)
You are resistant to unholy torment.
You are immune to petrification.


Message History

The adder bites you but does no damage. x2
The adder hisses angrily.
You hit the adder.
The adder is almost dead.
The adder bites you but does no damage. You block the adder's attack.
The adder barely misses you.
You closely miss the adder.
The adder is almost dead.
The adder bites you but does no damage. You block the adder's attack.
You miss the adder.
The adder is almost dead.
The adder barely misses you. You block the adder's attack. The adder bites you.
* * * LOW HITPOINT WARNING * * *
You block the adder's attack. You block the adder's attack.
You block the adder's attack. You block the adder's attack.
You closely miss the adder.
The adder is almost dead.
The adder bites you but does no damage. x2
You barely miss the adder.
The adder is almost dead.
You closely miss the adder. The adder bites you but does no damage.
You block the adder's attack. The adder bites you.
* * * LOW HITPOINT WARNING * * *
The adder bites you but does no damage.
You closely miss the adder.
The adder is almost dead.
You miss the adder.
The adder bites you but does no damage. x2
The adder barely misses you. You block the adder's attack.
You miss the adder.
The adder is almost dead.
Your shield prevents you from hitting the adder.
The adder bites you.
* * * LOW HITPOINT WARNING * * *
The adder bites you but does no damage. x3
You hit the adder but do no damage.
The adder is almost dead.
You hit the adder. The adder bites you.
You die...

##### .. ...# ... ...
...## #.# #.. ≈
.....#######S# ##...#
≈
...........S@###.....#
≈
......###..###.......#
≈ #....#...........$#
≈ ###.............###
≈ #.......†........#_+
≈
...#######...<....####
. ........)......# ≈
###......†.....# .
#.#..........#


You could see 2 adders.

Vanquished Creatures
  4 adders
  A white imp (D:3)
  A worm (D:2)
  3 endoplasms (D:1)
  A giant cockroach (D:1)
  5 goblins
  8 hobgoblins
  7 jackals
  6 kobolds
  A quokka (D:2)
  5 ball pythons
  5 bats
  2 frilled lizards
  5 rats
54 creatures vanquished.

Vanquished Creatures (others)
  14 plants
14 creatures vanquished.

Grand Total: 68 creatures vanquished

Notes
Turn   | Place    | Note
-------+----------+-------------------------------------------
     0 | D:1      | GodsMustBeCrazy the Gargoyle Fighter began the quest for
                  | the Orb.
     0 | D:1      | Reached XP level 1. HP: 14/14 MP: 1/1
   596 | D:1      | Reached XP level 2. HP: 20/20 MP: 2/2
   614 | D:1      | Reached skill level 4 in Fighting
   785 | D:1      | Found a faded altar of an unknown god.
  1304 | D:1      | Reached XP level 3. HP: 17/24 MP: 3/3
  2034 | D:2      | You fall into a shaft and drop 2 floors!
  2167 | D:3      | Reached skill level 5 in Fighting
  2606 | D:2      | Reached XP level 4. HP: 24/31 MP: 4/4
  3488 | D:3      | Found a broken altar of Ashenzari.
  3571 | D:3      | Slain by an adder

Illustrated notes

Levels and vault maps discovered:
D:1:      amcnicky_arrival_abandoned_market, layout_loops_cross,
          chequers_ecumenical_altar_simple_redux, chequers_big_river
D:2:      layout_loops_ring
D:3:      layout_rooms, ashenzari_conservatory_becter,
          nicolae_elyvilon_temple_path
D:4:      layout_loops_corners, serial_shops, shop

Skill      XL: |  1  2  3  4 |
---------------+-------------+-----
Fighting       | 4 5 |  5.4
Shields        | 4 |  4.0
Axes           | |  1.7
Armour         | |  3.2

Action                   |  1- 3 |  4- 6 || total
-------------------------+-------+-------++-------
Melee: War axe           |   137 |    86 ||   223
Armor: Scale mail        |    88 |    65 ||   153
Dodge: Dodged            |    49 |    40 ||    89
Block: Kite shield       |    80 |    55 ||   135
